 Dungeon Crawl Stone Soup version 0.29-a0-876-gfc89b1a5bd (webtiles) character file.

Game seed: 7308804633200908349

98 Turgor the Chopper (level 4, -9/30 HPs)
             Began as a Demonspawn Gladiator on July 19, 2022.
             Was a Follower of Hepliaklqana.
             Killed from afar by an orc wizard (11 damage)
             ... with a puff of flame
             ... on level 2 of the Dungeon.
             The game lasted 00:05:47 (1404 turns).

Turgor the Chopper (Demonspawn Gladiator)           Turns: 1404, Time: 00:05:47

Health: -9/30      AC:  4    Str: 14    XL:     4   Next: 44%
Magic:  4/4        EV: 14    Int: 11    God:    Hepliaklqana [*.....]
Gold:   95         SH:  0    Dex: 15    Spells: 3/3 levels left

rFire   . . .      SeeInvis .   a - +0 war axe
rCold   . . .      Faith    .   (no shield)
rNeg    . . .      Spirit   .   b - +0 leather armour
rPois   .          Reflect  .   c - +0 helmet
rElec   .          Harm     .   (no cloak)
rCorr   .          Rampage  .   (no gloves)
Will    .....                   (no boots)
Stlth   +.........              (no amulet)
HPRegen 0.10/turn               (no ring)
MPRegen 0.09/turn               (no ring)

@: no status effects
A: reduced essence, repulsion field 1, powered by death 1, demonic touch 1
a: Renounce Religion, Recall Ancestor, Ancestor Identity


You were on level 2 of the Dungeon.
You worshipped Hepliaklqana.
Hepliaklqana was aware of your devotion.
You visited 1 branch of the dungeon, and saw 2 of its levels.

You collected 95 gold pieces.

Inventory:

Hand Weapons
 a - a +0 war axe (weapon)
 m - a +0 sling
Missiles
 d - 3 throwing nets (quivered)
 e - a javelin
 g - 17 stones
Armour
 b - a +0 leather armour (worn)
 c - a +0 helmet (worn)
Scrolls
 f - a scroll of immolation {unknown}
 i - a scroll of fog {unknown}
 k - 3 scrolls of identify {unknown}
 l - a scroll of summoning {unknown}
Potions
 h - 3 potions of degeneration {unknown}
 j - a potion of haste {unknown}
 n - a potion of attraction {unknown}


   Skills:
 + Level 2.6 Fighting
 * Level 3.7 Axes
 - Level 2.0 Throwing
 + Level 1.3 Armour
 + Level 3.2 Dodging


You had 3 spell levels left.
You didn't know any spells.
Your spell library was empty.

Dungeon Overview and Level Annotations

Branches:
Dungeon (2/15)

Altars:
Hepliaklqana


Innate Abilities, Weirdness & Mutations

Your life essence is reduced to manifest your ancestor. (-10% HP)
You are surrounded by a mild repulsion field. (EV +2)
You regenerate a little health from kills.
Your touch may inflict minor irresistible damage on your foes.


Message History

Found 5 gold pieces.
Rogrut barely misses the orc priest.
Something hits you but does no damage.
The orc priest looks braver for a moment.
The orc hits you with a +0 falchion.
Unknown command.
You hit the orc.
You kill the orc!
You barely miss something.
You feel less confused.
Rogrut closely misses the orc priest.
You hear some strange, mumbled words.
You are confused.
You have reached level 4!
You feel agile.
Your demonic ancestry asserts itself...
A wave of death washes over you.
Rogrut remembers more of her old skill.
You miss the orc priest. Your touch misses the orc priest.
You punch the orc priest, but do no damage.
The orc priest is almost dead.
You barely miss something. Something hits you.
* * * LOW HITPOINT WARNING * * *
The orc priest hits you with a +0 dagger.
* * * LOW HITPOINT WARNING * * *
Rogrut hits the orc priest.
The orc priest dies!
Unknown command.
Something hits you.
* * * LOW HITPOINT WARNING * * *
Something hits you but does no damage.
You barely miss something. Your touch misses something.
You feel less confused.
Rogrut barely misses something.
Something hits you.
* * * LOW HITPOINT WARNING * * *
Rogrut barely misses something.
Unknown command.
You miss something. Something barely misses you.
Rogrut hits something.
You hear some strange, mumbled words.
A puff of flame appears from out of thin air!
The puff of flame hits you!
You die...

....##.........
#......#.##.........####
####....$.#.#....#.....# #
#.................##...#
#...............##.....##
............ ##.#...##..#
...........# #.....####.####
.......!...###.#............
#..........{@........)....##.
#.........R###....##...#..###
##......)).....#..##...#...##
#..........##....[.........##
..............######...##...#
#.............# #...###...
............#.# ###...###...
#..........##... ..##.......
#..........## ### #..#.###..[


You could see the friendly Rogrut the ancestor.

Vanquished Creatures
  3 adders (D:2)
  A dart slug (D:1)
  An orc (D:2)
  3 endoplasms
  2 goblins
  5 hobgoblins (D:1)
  2 jackals (D:1)
  2 quokkas (D:1)
  3 ball pythons
  2 bats (D:1)
  A frilled lizard (D:2)
  7 kobolds
  2 rats (D:1)
34 creatures vanquished.

Vanquished Creatures (collateral kills)
  An orc priest (D:2)
  A ball python (D:1)
2 creatures vanquished.

Grand Total: 36 creatures vanquished

Notes
Turn   | Place    | Note
-------+----------+-------------------------------------------
     0 | D:1      | Turgor the Demonspawn Gladiator began the quest for the
                  | Orb.
     0 | D:1      | Reached XP level 1. HP: 16/16 MP: 1/1
   261 | D:1      | Gained mutation: You are surrounded by a mild repulsion
                  | field. (EV +2) [demonic ancestry]
   261 | D:1      | Reached XP level 2. HP: 22/22 MP: 2/2
   754 | D:1      | Gained mutation: Your touch may inflict minor irresistible
                  | damage on your foes. [demonic ancestry]
   754 | D:1      | Reached XP level 3. HP: 26/27 MP: 3/3
   770 | D:1      | Found a faded altar of an unknown god.
   814 | D:1      | Prayed at the altar of an unknown god.
   814 | D:1      | Became a worshipper of Hepliaklqana the Forgotten
   814 | D:1      | Reached * piety under Hepliaklqana
  1118 | D:2      | Reached skill level 1 in Armour
  1399 | D:2      | Gained mutation: You regenerate a little health from kills.
                  | [demonic ancestry]
  1399 | D:2      | Reached XP level 4. HP: 12/30 MP: 4/4
  1404 | D:2      | Killed from afar by an orc wizard

Illustrated notes

Levels and vault maps discovered:
D:1:      dpeg_arrival_short_road, layout_loops_ring, basic_ecumenical_altar
D:2:      layout_rooms

Skill      XL: |  1  2  3 |
---------------+----------+-----
Axes           | 3 |  3.7
Throwing       | 2 |  2.0
Dodging        | 3 |  3.2
Armour         | 1 |  1.3
Fighting       | |  2.6

Action                   |  1- 3 |  4- 6 || total
-------------------------+-------+-------++-------
Melee: War axe           |   111 |     3 ||   114
       Touch             |     3 |       ||     3
       Punch             |       |     1 ||     1
Invok: Ancestor Identity |     1 |       ||     1
Armor: Leather armour    |    32 |     1 ||    33
Dodge: Dodged            |    86 |     1 ||    87

Table legend: (Time is in decaauts)
 A = Elapsed time spent in this place.
 B = Non-inter-level travel time spent in this place.
 C = Inter-level travel time spent in this place.
 D = Time resting spent in this place.
 E = Time spent auto-exploring this place.
 F = Levels seen in this place.
 G = Mean time per level.
                   A        B        C        D        E       F      G
               +--------+--------+--------+--------+--------+-----+--------+
         Total |   1443 |   1413 |     30 |     84 |   1005 |   2 |  721.5 |
       Dungeon |   1443 |   1413 |     30 |     84 |   1005 |   2 |  721.5 |
               +--------+--------+--------+--------+--------+-----+--------+

Top non-repeatable levels by time:
     D:1: 1110 daAuts
     D:2: 332 daAuts
